 Dungeon Crawl Stone Soup version 0.19-a0-1587-gaef70b6 (webtiles) character file.

2417 Ryco the Cleaver (level 9, -1/75 HPs)
             Began as a Minotaur Fighter on Sept 16, 2016.
             Was a Believer of Okawaru.
             Shot with an arrow by a centaur (8 damage)
             ... on level 6 of the Dungeon.
             The game lasted 00:34:27 (2894 turns).

Ryco the Cleaver (Minotaur Fighter)                 Turns: 2894, Time: 00:34:28

Health: -1/75      AC:  7    Str: 23    XL:     9   Next: 24%
Magic:  9/9        EV:  9    Int:  5    God:    Okawaru [**....]
Gold:   273        SH:  9    Dex: 11    Spells: 0 memorised, 8 levels left

rFire  + . .     SeeInvis .     a - +1 war axe
rCold  + + .     Gourm    +     i - +1 ring mail "Nemots" {-Tele rPois rC++ MR+} (curse)
rNeg   . . .     Faith    .     c - +0 shield
rPois  +         Spirit   .     (helmet restricted)
rElec  .         Dismiss  .     (no cloak)
rCorr  .         Reflect  .     (no gloves)
MR     +....     Harm     .     (no boots)
Stlth  +......... NoTele   +    t - amulet of the gourmand
                                x - ring of protection from fire
                                (no ring)

@: no status effects
A: retaliatory headbutt, horns 2
a: Heroism, Renounce Religion


You were on level 6 of the Dungeon.
You worshipped Okawaru.
Okawaru was pleased with you.
You were very full.

You visited 2 branches of the dungeon, and saw 9 of its levels.

You collected 273 gold pieces.

Inventory:

Hand Weapons
 a - a +1 war axe (weapon)
 l - a +0 trident
 A - a +0 flail of crushing
Armour
 c - a +0 shield (worn)
 e - a +0 chain mail
 i - the cursed +1 ring mail "Nemots" (worn) {-Tele rPois rC++ MR+}
   (You found it on level 6 of the Dungeon)

   It greatly protects you from cold.
   It protects you from poison.
   It affects your resistance to hostile enchantments.
   It prevents most forms of teleportation.
   It has a curse placed upon it.
Jewellery
 h - an uncursed ring of ice
 p - an uncursed ring of flight
 t - an amulet of the gourmand (around neck)
 x - a ring of protection from fire (right hand)
Wands
 b - a wand of digging (4/24)
 g - a wand of enslavement (6/24)
Scrolls
 d - a scroll of fog {unknown}
 j - a scroll of identify
 w - a scroll of teleportation {unknown}
 y - a scroll of blinking {unknown}
 D - a scroll of noise {unknown}
Potions
 k - a potion of curing {unknown}
 n - 2 potions of agility
 o - a potion of cancellation
 r - 2 potions of flight {unknown}
 v - a potion of invisibility
 B - a potion of magic {unknown}
Comestibles
 f - a bread ration
 s - 4 meat rations
 z - 5 fruits


   Skills:
 + Level 6.0 Fighting
 - Level 11.6 Axes
 * Level 7.7 Armour
 + Level 2.7 Dodging
 - Level 3.6 Shields
 * Level 1.6 Invocations
 + Level 0.1 Evocations


You had 8 spell levels left.
You didn't know any spells.

Dungeon Overview and Level Annotations

Branches:
Dungeon (8/15)             Temple (1/1) D:5            Lair (0/6) D:8

Altars:
Ashenzari
Dithmenos
Elyvilon
Fedhas
Gozag
Kikubaaqudgha
Makhleb
Nemelex Xobeh
Okawaru
Qazlal
Ru
Sif Muna
Trog
Uskayaw
Vehumet
Xom
The Shining One

Shops:
D:8 =


Innate Abilities, Weirdness & Mutations

You reflexively headbutt those who attack you in melee.
You have a pair of horns on your head.


Message History

A centaur comes into view.
There is an open door, spattered with blood here.
Items here: ( )))) [[[ ††† The centaur shouts!
The centaur wields a shortbow.
The centaur shoots an arrow.
The arrow hits you.
* * * LOW HITPOINT WARNING * * *
You see here an arrow.
The centaur shoots an arrow.
The arrow hits you.
* * * LOW HITPOINT WARNING * * *
The centaur shoots an arrow.
The arrow hits you.
* * * LOW HITPOINT WARNING * * *
The centaur shoots an arrow.
The arrow barely misses you.
You see here 2 arrows.
Evoke which item? (* to show all) (? for menu, Esc to quit)
Zapping:
g - a wand of enslavement (7/24)
Press: ? - help, Shift-Dir - straight line, f - centaur
Aim: a centaur, wielding a shortbow (chance to defeat MR: 46%)
The centaur resists with some effort.
This wand has 6 charges left.
The centaur shoots an arrow.
The arrow hits you!
You die...

# #.... #...... .. #.
.... ##8.<.8
...#c##..###########...#
..#..#..##...##...#####
.......).#...'.........
..#......#...#.........
#.....(#...#.........
#.....(()..#....##...
#...@..#...#....##'##
.....+######'###...##...
...## #...##...##... ...
#...#....#....
#...#....#....
#...#....##...
#...##...##...
###########... #....


You could see a centaur.

Vanquished Creatures
  The ghost of Ryco the Ruffian, an amateur TrBe of Trog (D:5)
  Prince Ribbit (D:7)
  A wyvern (D:8)
  The ghost of tardigrade the Ducker, an amateur DESu (D:3)
  A sky beast (D:4)
  4 ogres
  A centaur (D:6)
  2 bullfrogs (D:6)
  A scorpion (D:4)
  2 wights (D:7)
  4 howler monkeys
  2 bullfrog zombies
  3 crimson imps
  A quasit (D:6)
  A bullfrog skeleton (D:5)
  2 hounds
  4 orc wizards
  3 orc priests
  A centaur skeleton (D:5)
  A jelly (D:6)
  An iguana (D:4)
  4 worker ants
  8 adders
  A shadow imp (D:5)
  An ooze (D:2)
  A worm (D:2)
  A dart slug (D:3)
  7 leopard geckos
  10 orcs
  3 bats
  3 giant cockroaches
  6 hobgoblins
  10 jackals
  2 kobolds
  2 quokkas
  2 frilled lizards
  12 goblins
  7 rats
118 creatures vanquished.

Vanquished Creatures (others)
  A worker ant (D:4)
1 creature vanquished.

Grand Total: 119 creatures vanquished

Notes
Turn   | Place    | Note
-------+----------+-------------------------------------------
     0 | D:1      | Ryco the Minotaur Fighter began the quest for the Orb.
     0 | D:1      | Reached XP level 1. HP: 19/19 MP: 0/0
   101 | D:2      | Reached skill level 3 in Axes
   105 | D:2      | Reached XP level 2. HP: 4/26 MP: 1/1
   351 | D:2      | Reached skill level 4 in Axes
   351 | D:2      | Reached XP level 3. HP: 20/31 MP: 2/2
   406 | D:3      | Found an opulent altar of Gozag.
   549 | D:3      | Reached skill level 5 in Axes
   567 | D:3      | Found a white marble altar of Elyvilon.
   615 | D:4      | Reached XP level 4. HP: 30/39 MP: 3/3
   624 | D:5      | Entered Level 5 of the Dungeon
   624 | D:5      | Noticed a sky beast
   634 | D:4      | Killed a sky beast
   634 | D:4      | Reached skill level 6 in Axes
   634 | D:4      | Reached XP level 5. HP: 21/45 MP: 4/4
   662 | D:4      | Reached skill level 7 in Axes
   674 | D:4      | Reached XP level 6. HP: 20/51 MP: 5/5
   694 | D:4      | Found a hide-covered altar of Uskayaw.
   716 | D:4      | Reached skill level 8 in Axes
   900 | D:4      | Found a sacrificial altar of Ru.
  1022 | D:5      | Reached skill level 9 in Axes
  1030 | D:5      | Noticed Ryco's ghost (amateur TrBe)
  1042 | D:6      | Reached XP level 7. HP: 13/57 MP: 6/6
  1190 | D:5      | Found a shattered altar of Ashenzari.
  1288 | D:4      | Reached skill level 10 in Axes
  1408 | D:3      | Noticed tardigrade's ghost (amateur DESu)
  1421 | D:3      | Killed tardigrade's ghost
  1468 | D:3      | Found a shimmering altar of Xom.
  1487 | D:3      | Found a radiant altar of Vehumet.
  1526 | D:3      | Reached skill level 1 in Dodging
  1526 | D:3      | Reached XP level 8. HP: 54/67 MP: 7/7
  1542 | D:3      | Reached skill level 5 in Armour
  2094 | D:5      | Found a staircase to the Ecumenical Temple.
  2106 | Temple   | Entered the Ecumenical Temple
  2146 | Temple   | Became a worshipper of Warmaster Okawaru
  2341 | D:5      | Killed Ryco's ghost
  2341 | D:5      | Reached skill level 5 in Fighting
  2493 | D:8      | Found Vaxedd's Jewellery Shop.
  2514 | D:8      | Reached * piety under Okawaru
  2514 | D:8      | Reached skill level 11 in Axes
  2536 | D:7      | Noticed Prince Ribbit
  2543 | D:7      | Killed Prince Ribbit
  2582 | D:6      | Reached XP level 9. HP: 19/74 MP: 8/8
  2780 | D:6      | Got an ancient ring mail
  2791 | D:6      | Identified the cursed +1 ring mail "Nemots" {-Tele rPois rC++ MR+} (You found it on level 6 of the Dungeon)
  2803 | D:6      | Reached skill level 1 in Invocations
  2866 | D:6      | Reached ** piety under Okawaru
  2894 | D:6      | Shot with an arrow by a centaur

Vault maps used:
D:1:      lightli_arrival_noodles, hangedman_decor_lopped, minivault_19
D:2:      first_bread
D:3:      vehumet_crystals, lemuel_doored_altar, overflow_temple_1_default,
          lemuel_round_altar, serial_glass, glass_columns_a, glass_columns_b,
          glass_columns_b, glass_columns_b, glass_columns_a, glass_columns_c,
          glass_columns_b, glass_columns_b, glass_columns_a, glass_columns_b,
          minmay_ogre_servants
D:4:      nicolae_ru_great_annihilating_truth, minmay_ruined_shrine
D:5:      evilmike_ruin_ashenzari, nicolae_qazlal_general_emergency
D:6:      old_standard_altar, grunt_ministairs_7
D:7:      serial_curves, eino_curves_03, eino_curves_03, the_bakery,
          uniq_prince_ribbit1
D:8:      due_lair_maze_entry_diamond, serial_shops, shop,
          kennysheep_generic_room_13
Temple:   eino_narrow_crystal_temple

Skill      XL: |  1  2  3  4  5  6  7  8  9 |
---------------+----------------------------+-----
Axes           | 3 4 5 6 7 9 10 11 | 11.6
Fighting       | 4 5 6 |  6.0
Armour         | 4 6 7 |  7.7
Dodging        | 1 2 |  2.7
Invocations    | 1 |  1.6
Shields        | |  3.6
Evocations     | |  0.1

Action                   |  1- 3 |  4- 6 |  7- 9 || total
-------------------------+-------+-------+-------++-------
Melee: War axe           |    61 |    61 |   227 ||   349
       Headbutt          |     7 |    14 |    49 ||    70
Invok: Heroism           |       |       |     1 ||     1
Evoke: Wand              |       |     1 |     1 ||     2
  Use: Potion            |       |     2 |     2 ||     4
       Scroll            |       |     2 |     9 ||    11
 Stab: Paralysed         |       |     1 |       ||     1
       Invisible         |       |       |     3 ||     3
  Eat: Bread ration      |       |       |     1 ||     1
       Chunk             |       |       |    10 ||    10
Armor: Scale mail        |    29 |    24 |    92 ||   145
       Ring mail         |       |       |     6 ||     6
       Chain mail        |       |       |     3 ||     3
Dodge: Dodged            |    19 |    13 |    71 ||   103
Block: Shield            |    32 |    25 |   103 ||   160
